Map: New Gettysburg LE

Players

InvHarstem (Harstem)

  • Race: Protoss Protoss

iaguz - Winner!

  • Race: Terran Terran

Event: 2016 WCS Summer Circuit Championship (DH Montreal)

VOD

Have the link to the VOD?

Description

Time

  • Played on: Aug. 12, 2016, 2:57 p.m.
  • Length: 8:46

All games in this series

Show
View Real Time Build Order
Export as new Build Order

InvHarstem Protoss 

Build Orders: 1 Gate Expand, Oracle Opening 

Get SALT Encoding   

  12  0:01  Probe (Chrono Boost)  
  13  0:11  Probe (Chrono Boost)  
  14  0:18  Pylon  
  14  0:22  Probe (Chrono Boost)  
  15  0:36  Probe (Chrono Boost)  
  15  0:37  Gateway  
  16  0:46  Probe (Chrono Boost)  
  16  0:47  Assimilator  
  17  0:57  Probe (Chrono Boost)  
  18  1:08  Probe (Chrono Boost)  
  19  1:18  Probe (Chrono Boost)  
  20  1:24  Nexus  
  20  1:32  Cybernetics Core  
  20  1:36  Probe (Chrono Boost)  
  21  1:43  Assimilator  
  21  1:46  Probe (Chrono Boost)  
  22  1:51  Pylon  
  22  1:57  Probe (Chrono Boost)  
  23  2:05  Adept  
  23  2:07  Warp Gate  
  23  2:10  Probe (Chrono Boost)  
  27  2:23  Probe (Chrono Boost)  
  27  2:27  Stargate  
  27  2:29  Adept  
  27  2:36  Probe (Chrono Boost)  
  31  2:37  Probe (Chrono Boost)  
  31  2:46  Probe (Chrono Boost)  
  31  2:49  Probe (Chrono Boost)  
  33  2:53  Adept  
  33  2:57  Probe (Chrono Boost)  
  36  3:02  Probe (Chrono Boost)  
  37  3:07  Oracle  
  37  3:08  Probe (Chrono Boost)  
  42  3:14  Probe (Chrono Boost)  
  42  3:19  Probe (Chrono Boost)  
  43  3:21  Pylon  
  43  3:26  Probe (Chrono Boost)  
  44  3:31  Probe (Chrono Boost)  
  45  3:38  Probe (Chrono Boost), Oracle, Nexus  
  50  3:51  Gateway  
  50  3:52  Probe (Chrono Boost)  
  50  3:54  Gateway  
  50  3:58  Pylon  
  50  4:01  Probe (Chrono Boost)  
  52  4:04  Probe (Chrono Boost)  
  52  4:13  Probe (Chrono Boost)  
  52  4:15  Pylon  
  55  4:18  Adept  
  55  4:19  Mothership Core (Chrono Boost)  
  55  4:23  Phoenix  
  58  4:25  Probe (Chrono Boost)  
  58  4:28  Pylon  
  60  4:35  Assimilator  
  60  4:37  Twilight Council, Probe (Chrono Boost), Assimilator  
  61  4:42  Probe (Chrono Boost)  
  61  4:43  Adept  
  64  4:49  Probe (Chrono Boost)  
  66  4:54  Probe (Chrono Boost)  
  67  5:00  Forge  
  67  5:01  Probe (Chrono Boost)  
  67  5:02  Forge  
  67  5:04  Probe (Chrono Boost)  
  67  5:06  Probe (Chrono Boost)  
  69  5:11  Adept  
  69  5:12  Adept  
  69  5:13  Probe (Chrono Boost)  
  74  5:18  Probe (Chrono Boost)  
  72  5:23  Adept  
  72  5:25  Blink  
  74  5:31  Probe (Chrono Boost)  
  74  5:32  Probe (Chrono Boost)  
  76  5:39  Probe (Chrono Boost)  
  76  5:42  Probe (Chrono Boost), Adept x2  
  80  5:49  Probe (Chrono Boost)  
  83  5:52  Protoss Ground Armor Level 1, Protoss Ground Weapons Level 1  
  83  5:54  Probe (Chrono Boost)  
  83  5:55  Pylon  
  84  5:59  Stalker  
  84  6:02  Probe (Chrono Boost)  
  84  6:03  Probe (Chrono Boost)  
  88  6:04  Probe (Chrono Boost)  
  88  6:08  Stalker  
  86  6:13  Probe (Chrono Boost)  
  86  6:14  Adept  
  86  6:15  Probe x2 (Chrono Boost)  
  91  6:25  Sentry  
  95  6:27  Pylon  
  95  6:31  Pylon  
  93  6:34  Sentry  
  93  6:36  Gateway x2  
  93  6:37  Sentry, Gateway  
  97  6:42  Gateway  
  97  6:45  Gateway  
  97  6:46  Robotics Facility  
  97  6:59  Stalker x2  
  101  7:03  Pylon  
  101  7:04  Pylon  
  101  7:06  Adept  
  104  7:09  Probe (Chrono Boost)  
  104  7:13  Pylon  
  104  7:15  Pylon  
  104  7:16  Gateway  
  104  7:27  Gateway  
  104  7:28  Stalker x3  
  110  7:32  Stalker x3  
  116  7:45  Immortal  
  116  7:46  Stalker x2  
  116  7:48  Pylon  
  124  7:55  Zealot x2  
  124  7:56  Adept x3  
  106  8:16  Adept x5  
  90  8:24  Adept x3  
  74  8:36  Stalker x4  
  74  8:39  Adept  
Show
View Real Time Build Order
Export as new Build Order

iaguz Terran - Winner!

Build Orders: MMM Bio 

Get SALT Encoding   

  12  0:00  SCV  
  13  0:13  SCV  
  14  0:18  Supply Depot  
  14  0:25  SCV  
  15  0:39  SCV  
  15  0:40  Barracks  
  16  0:44  Refinery  
  16  0:51  SCV  
  17  1:03  SCV  
  18  1:16  SCV  
  19  1:27  Marine  
  19  1:28  Orbital Command  
  20  1:41  Command Center  
  20  1:53  Factory  
  20  1:56  SCV  
  21  2:03  Barracks Reactor  
  21  2:09  Supply Depot  
  21  2:11  SCV  
  22  2:15  Refinery  
  22  2:23  SCV  
  23  2:36  SCV  
  24  2:40  Starport, Marine x2  
  24  2:43  Widow Mine  
  26  2:49  SCV  
  29  2:58  Marine x2  
  30  3:01  Orbital Command  
  30  3:07  SCV  
  31  3:13  Widow Mine  
  31  3:16  Medivac  
  31  3:17  Marine  
  31  3:18  Marine  
  37  3:22  SCV  
  38  3:27  SCV  
  38  3:32  Supply Depot  
  39  3:34  SCV  
  39  3:37  Marine  
  39  3:39  SCV  
  39  3:40  Marine  
  43  3:42  Widow Mine  
  45  3:53  SCV  
  45  3:54  Medivac, SCV  
  49  3:56  Barracks  
  49  4:03  Supply Depot  
  49  4:05  SCV  
  49  4:06  Marine, SCV  
  49  4:07  Liberator, Marine  
  53  4:13  Engineering Bay  
  53  4:16  Factory Tech Lab  
  53  4:27  SCV x2  
  57  4:34  Marine x2  
  59  4:39  SCV x2  
  59  4:40  Missile Turret  
  59  4:41  Missile Turret  
  61  4:46  Supply Depot  
  61  4:48  Barracks Tech Lab  
  61  4:51  SCV  
  62  4:58  Supply Depot  
  62  5:08  Marine x2, Siege Tank, SCV  
  62  5:13  SCV  
  69  5:16  Marine  
  69  5:18  Starport Reactor, Stimpack  
  69  5:20  SCV  
  71  5:25  SCV  
  71  5:26  Marine  
  71  5:28  Marine  
  66  5:31  Refinery  
  66  5:32  Terran Infantry Weapons Level 1  
  66  5:33  Barracks  
  67  5:36  Marine  
  67  5:37  SCV  
  67  5:41  SCV  
  67  5:42  Siege Tank  
  73  5:46  Marine  
  73  5:49  SCV  
  75  5:51  Barracks x2  
  75  5:53  Liberator, Supply Depot  
  75  5:56  Marine x2  
  77  6:04  Marine  
  77  6:07  Refinery  
  77  6:08  Liberator  
  78  6:14  Supply Depot, Marine x2  
  78  6:16  Supply Depot  
  78  6:17  Supply Depot  
  79  6:22  Marine  
  83  6:29  SCV x2  
  83  6:32  Barracks Tech Lab, Marine x2  
  87  6:39  Marine  
  87  6:40  Barracks Reactor x2  
  87  6:46  Supply Depot  
  88  6:48  Supply Depot  
  88  6:50  Siege Tank  
  88  6:51  Marine x3  
  94  6:57  Marine  
  94  6:58  Combat Shields  
  94  6:59  Liberator  
  95  7:09  Marine x3  
  95  7:15  Marine  
  100  7:17  Marine x2  
  100  7:19  Marine x2  
  106  7:25  Supply Depot  
  106  7:26  Marine x2  
  106  7:27  Marine  
  109  7:33  Marine  
  109  7:34  Marine x2  
  109  7:36  Marine  
  109  7:37  Marine  
  112  7:39  Siege Tank  
  117  7:44  Marine x3  
  117  7:51  Marine  
  121  7:52  Marine x2  
  121  7:54  Marine x2  
  121  7:55  Supply Depot  
  125  8:02  Marine x3  
  128  8:08  Marine  
  128  8:10  Marine x2  
  128  8:12  Marine  
  113  8:18  Marine  
  113  8:20  Marine x2  
  113  8:23  Marine  
  113  8:26  Marine  
Tags
 
Add a new tag
Caveats
  • Supply blocks, unpowered buildings, or Contaminate may cause inaccurate times.
  • Supply counts are checked every 10 seconds.